 Dungeon Crawl Stone Soup version 0.19.1 (webtiles) character file.

4270 Yurafenix the Cleaver (level 10, -1/90 HPs)
             Began as a Minotaur Fighter on Dec 14, 2016.
             Was a Believer of Okawaru.
             Slain by a wolf (7 damage)
             ... led by Grum
             ... on level 9 of the Dungeon.
             The game lasted 00:43:40 (7429 turns).

Yurafenix the Cleaver (Minotaur Fighter)            Turns: 7429, Time: 00:43:41

Health: -1/90      AC:  9    Str: 24    XL:     10   Next: 10%
Magic:  9/9        EV:  9    Int:  5    God:    Okawaru [**....]
Gold:   251        SH: 10    Dex: 10    Spells: 0 memorised, 9 levels left

rFire  . . .     SeeInvis .     a - +3 war axe
rCold  . . .     Gourm    .     b - +0 scale mail
rNeg   . . .     Faith    .     c - +0 shield
rPois  +         Spirit   .     (helmet restricted)
rElec  .         Reflect  .     (no cloak)
rCorr  .         Harm     .     (no gloves)
MR     .....                    r - +0 pair of boots
Stlth  ..........               (no amulet)
                                G - +1 ring of evasion
                                D - ring of poison resistance

@: about to teleport
A: retaliatory headbutt, horns 2, poison resistance
a: Heroism, Renounce Religion


You were on level 9 of the Dungeon.
You worshipped Okawaru.
Okawaru was pleased with you.
You were near starving.

You visited 1 branch of the dungeon, and saw 9 of its levels.

You collected 431 gold pieces.
You spent 180 gold pieces at shops.

Inventory:

Hand Weapons
 a - a +3 war axe (weapon)
 p - a +5 long sword
 M - a +1 hand axe of draining
Armour
 b - a +0 scale mail (worn)
 c - a +0 shield (worn)
 r - a +0 pair of boots (worn)
 F - a +0 pair of gloves
Jewellery
 g - an uncursed ring of protection from fire
 w - an uncursed ring of protection from fire
 B - an uncursed ring of protection from cold
 D - a ring of poison resistance (left hand)
 G - a +1 ring of evasion (right hand)
 K - an uncursed ring of protection from cold
Wands
 k - a wand of iceblast (8/15)
 n - a wand of polymorph (7/24)
 y - a wand of lightning (8/15)
Scrolls
 f - 4 scrolls of remove curse
 j - a scroll of fear
 l - 6 scrolls of identify
 u - a scroll of random uselessness {unknown}
 v - 4 scrolls of recharging
Potions
 d - a potion of might
 e - a potion of mutation {unknown}
 i - a potion of lignification
 o - a potion of resistance
 s - a potion of agility {unknown}
 z - 3 potions of flight
 A - 3 potions of brilliance {unknown}
 E - a potion of heal wounds {unknown}
Books
 t - a book of Enchantments

   Spells                             Type                      Level
   a - Cause Fear                     Hexes                        4
   b - Yara's Violent Unravelling     Hexes/Transmutation          5
   c - Silence                        Hexes/Air                    5
   d - Deflect Missiles               Charms/Air                   6
   e - Discord                        Hexes                        8
Comestibles
 m - 3 beef jerkies
 q - 3 bread rations
 H - 10 fruits
 J - a slice of pizza


   Skills:
 - Level 8.9 Fighting
 + Level 12.7 Axes
 - Level 8.7 Armour
 - Level 1.4 Dodging
 - Level 5.0 Shields


You had 9 spell levels left.
You didn't know any spells.

Dungeon Overview and Level Annotations

Branches:
Dungeon (9/15)             Temple (0/1) D:5
   Lair: D:8-11         Orc: D:9-12

Altars:
Dithmenos
Elyvilon
Fedhas
Gozag
Hepliaklqana
Kikubaaqudgha
Okawaru
Ru
Trog
Zin
The Shining One

Shops:
D:6 (

Annotations:
D:9 Grum


Innate Abilities, Weirdness & Mutations

You reflexively headbutt those who attack you in melee.
You have a pair of horns on your head.
Your system is resistant to poisons. (rPois)


Message History

You kill the orc!
You hit the wolf. You slash the wolf! The wolf barely misses you.
The wolf bites you but does no damage. Grum barely misses you.
The wolf bites you.
* * * LOW HITPOINT WARNING * * *
The wolf bites you.
* * * LOW HITPOINT WARNING * * *
You see here an orc corpse.
You feel better. The wolf barely misses you. The wolf bites you.
* * * LOW HITPOINT WARNING * * *
You block the wolf's attack. The wolf misses you. You furiously retaliate!
You headbutt the wolf. The wolf bites you.
* * * LOW HITPOINT WARNING * * *
As you read the scroll of teleportation, it crumbles to dust.
You feel strangely unstable. The wolf bites you.
* * * LOW HITPOINT WARNING * * *
The wolf bites you but does no damage. The wolf bites you but does no damage.
The wolf bites you!
You die...

.# .# .# .###
## #..##>
#....# #...##
.# ##h@..##
..# ##..h...#
!..#
###.g.#####
#...###.)†.##
#.........##
#.......†##
#........#
...<.....##
..........##


You could see Grum and 2 wolves.

Vanquished Creatures
  A hill giant (D:9)
  Prince Ribbit (D:7)
  A hippogriff (D:8)
  A yak (D:6)
  The ghost of Haldmier the Slasher, an amateur HESk of Vehumet (D:3)
  Menkaure (D:5)
  An ice beast (D:9)
  A sky beast (D:8)
  A necrophage (D:6)
  3 phantoms
  A wolf (D:9)
  2 ogres (D:5)
  3 centaurs
  5 bullfrogs
  3 killer bees (D:8)
  9 wights
  2 howler monkeys
  2 crimson imps
  5 hounds
  2 centaur skeletons
  4 orc wizards
  4 orc priests
  2 jellies
  A bullfrog skeleton (D:8)
  4 iguanas
  6 worker ants
  A hound skeleton (D:8)
  A hound zombie (D:5)
  2 worker ant zombies
  3 gnolls (D:3)
  10 adders
  A howler monkey skeleton (D:5)
  2 shadow imps (D:5)
  An ooze (D:1)
  An adder zombie (D:5)
  4 adder skeletons
  4 worms
  3 dart slugs
  7 leopard geckos
  29 orcs
  5 bats
  3 giant cockroaches
  7 goblins
  3 hobgoblins
  12 jackals
  4 quokkas
  4 ball pythons
  5 frilled lizards
  A jackal skeleton (D:8)
  2 kobolds (D:1)
  A quokka skeleton (D:8)
  9 rats
192 creatures vanquished.

Vanquished Creatures (others)
  A quokka (D:4)
1 creature vanquished.

Grand Total: 193 creatures vanquished

Notes
Turn   | Place    | Note
-------+----------+-------------------------------------------
     0 | D:1      | Yurafenix the Minotaur Fighter began the quest for the Orb.
     0 | D:1      | Reached XP level 1. HP: 19/19 MP: 0/0
   168 | D:1      | Reached XP level 2. HP: 22/27 MP: 1/1
   598 | D:1      | Reached skill level 3 in Axes
   686 | D:1      | Reached XP level 3. HP: 33/33 MP: 2/2
  1078 | D:2      | Found a shadowy altar of Dithmenos.
  1475 | D:3      | Reached XP level 4. HP: 38/40 MP: 3/3
  2330 | D:3      | Noticed Haldmier's ghost (amateur HESk)
  2341 | D:3      | Killed Haldmier's ghost
  2341 | D:3      | Reached skill level 5 in Axes
  2341 | D:3      | Reached skill level 1 in Dodging
  2341 | D:3      | Reached XP level 5. HP: 37/47 MP: 4/4
  2617 | D:4      | Reached skill level 5 in Shields
  2617 | D:4      | Reached XP level 6. HP: 48/53 MP: 5/5
  2716 | D:4      | Found a white marble altar of Elyvilon.
  2775 | D:4      | Found a blossoming altar of Fedhas.
  2777 | D:4      | Found an ancient bone altar of Kikubaaqudgha.
  3001 | D:4      | Reached skill level 5 in Fighting
  3018 | D:4      | Reached skill level 5 in Armour
  3076 | D:5      | Entered Level 5 of the Dungeon
  3259 | D:5      | Reached skill level 6 in Axes
  3259 | D:5      | Reached XP level 7. HP: 61/61 MP: 6/6
  3638 | D:5      | Reached skill level 7 in Axes
  3783 | D:5      | Reached XP level 8. HP: 45/71 MP: 7/7
  3989 | D:5      | Found a staircase to the Ecumenical Temple.
  4030 | D:5      | Found an opulent altar of Gozag.
  4063 | D:5      | Noticed Menkaure
  4071 | D:5      | Killed Menkaure
  4329 | D:6      | Found a glowing golden altar of the Shining One.
  4340 | D:6      | Reached skill level 8 in Axes
  4498 | D:6      | Found Wanul's Antique Weapon Boutique.
  4522 | D:6      | Bought a runed hand axe for 180 gold pieces
  4670 | D:6      | Gained mutation: Your system is resistant to poisons. (rPois) [potion of beneficial mutation]
  4673 | D:6      | Found a white marble altar of Elyvilon.
  4676 | D:6      | Found an opulent altar of Gozag.
  4677 | D:6      | Found a bloodstained altar of Trog.
  4677 | D:6      | Found a hazy altar of Hepliaklqana.
  4677 | D:6      | Found an iron altar of Okawaru.
  4678 | D:6      | Found a sacrificial altar of Ru.
  4687 | D:6      | Became a worshipper of Warmaster Okawaru
  4781 | D:6      | Reached XP level 9. HP: 81/82 MP: 8/8
  5293 | D:7      | Noticed Prince Ribbit
  5660 | D:7      | Killed Prince Ribbit
  5660 | D:7      | Reached * piety under Okawaru
  5660 | D:7      | Reached skill level 9 in Axes
  6352 | D:8      | Reached skill level 10 in Axes
  6423 | D:8      | Found a glowing silver altar of Zin.
  6728 | D:8      | Reached skill level 11 in Axes
  7113 | D:8      | Reached ** piety under Okawaru
  7243 | D:8      | Reached skill level 12 in Axes
  7408 | D:9      | Noticed a hill giant
  7413 | D:9      | Noticed Grum
  7417 | D:9      | Killed a hill giant
  7417 | D:9      | Reached XP level 10. HP: 20/90 MP: 9/9
  7429 | D:9      | Slain by a wolf

Skill      XL: |  1  2  3  4  5  6  7  8  9 |
---------------+----------------------------+-----
Shields        | 4 5 |  5.0
Axes           | 3 5 6 7 8 12 | 12.7
Armour         | 4 5 6 8 |  8.7
Fighting       | 4 5 6 8 |  8.9
Dodging        | 1 |  1.4

Action                   |  1- 3 |  4- 6 |  7- 9 | 10-12 || total
-------------------------+-------+-------+-------+-------++-------
Melee: War axe           |    96 |   133 |   323 |     3 ||   555
       Headbutt          |    12 |    25 |    59 |     1 ||    97
  Use: Potion            |       |       |     7 |     4 ||    11
       Scroll            |       |       |    12 |     1 ||    13
  Eat: Bread ration      |     1 |       |       |       ||     1
       Fruit             |       |     1 |       |       ||     1
       Meat ration       |       |     1 |     2 |       ||     3
Armor: Scale mail        |    36 |    51 |   115 |     9 ||   211
Dodge: Dodged            |    31 |    49 |    95 |    13 ||   188
Block: Shield            |    52 |    85 |   168 |     9 ||   314
